 Dungeon Crawl Stone Soup version 0.27.1 (webtiles) character file.

Game seed: 14304769390185790818

788 pkoi the Ruffian (level 7, 0/67 HPs)
             Began as a Troll Gladiator on Aug 25, 2021.
             Was an Initiate of Makhleb.
             Slain by a gnoll shaman (4 damage)
             ... on level 5 of the Dungeon.
             The game lasted 00:05:23 (2597 turns).

pkoi the Ruffian (Troll Gladiator)                  Turns: 2597, Time: 00:05:23

Health: 0/67       AC:  8    Str: 25    XL:     7   Next: 56%
Magic:  7/7        EV: 10    Int:  4    God:    Makhleb [......]
Gold:   170        SH:  0    Dex: 11    Spells: 6/6 levels left

rFire    . . .     SeeInvis .     - Unarmed
rCold    . . .     Faith    .   (no shield)
rNeg     . . .     Spirit   .   a - +0 robe
rPois    .         Reflect  .   b - +0 hat
rElec    .         Harm     .   (no cloak)
rCorr    .         Rampage  .   (gloves unavailable)
Will     .....                  (boots unavailable)
Stlth    +.........             (no amulet)
HPRegen  1.21/turn              h - +4 ring of protection
MPRegen  0.10/turn              (no ring)

@: lit by a corona, glowing
A: large, unfitting armour, claws 3, regeneration 1, shaggy fur 1, tough skin 1
a: Renounce Religion


You were on level 5 of the Dungeon.
You worshipped Makhleb.
Makhleb was noncommittal.
You visited 1 branch of the dungeon, and saw 5 of its levels.

You collected 170 gold pieces.

Inventory:

Missiles
 c - 3 throwing nets (quivered)
 e - 17 poisoned darts
Armour
 a - a +0 robe (worn)
 b - a +0 hat (worn)
Jewellery
 h - a +4 ring of protection (left claw)
 i - an amulet of faith
Wands
 k - a wand of flame (25)
Scrolls
 g - a scroll of identify
Potions
 d - 3 potions of attraction {unknown}
 f - 2 potions of lignification
 j - a potion of curing {unknown}


   Skills:
 + Level 3.6 Fighting
 - Level 1.7 Throwing
 + Level 4.1 Dodging
 * Level 6.6 Unarmed Combat
 * Level 1.6 Invocations


You had 6 spell levels left.
You didn't know any spells.
Your spell library contained the following spells:

 Spells                   Type           Power      Damage    Failure   Level
 Apportation              Tloc           0%         N/A       50%         1
 Sublimation of Blood     Necr           0%         N/A       65%         2
 Petrify                  Tmut/Erth      0%         N/A       99%         4
 Alistair's Intoxication  Tmut/Pois      0%         N/A       100%        5
 Irradiate                Conj/Tmut      0%         3d14      100%        5
 Invisibility             Hex            0%         N/A       100%        6


Dungeon Overview and Level Annotations

Branches:
Dungeon (5/15)             Temple (0/1) D:4

Altars:
Cheibriados
Makhleb
Nemelex Xobeh
Qazlal
Wu Jian


Innate Abilities, Weirdness & Mutations

You are too large for most types of armour.
You have claws for hands.
Your natural rate of healing is unusually fast.
You are covered in fur. (AC +1)
You have tough skin. (AC +1)


Message History

The gnoll barely misses you. The gnoll closely misses you.
The gnoll barely misses you. The gnoll hits you with a +0 flail!
You closely miss the gnoll. The gnoll barely misses you.
The gnoll closely misses you.
You scratch the gnoll but do no damage. The gnoll hits you with a +0 whip.
The gnoll closely misses you.
You barely miss the gnoll. The gnoll hits you with a +0 whip.
The gnoll hits you with a +0 flail.
The gnoll shaman hits you but does no damage.
The gnoll barely misses you.
You claw the gnoll!
The gnoll is heavily wounded.
The gnoll hits you but does no damage. The gnoll shaman barely misses you.
The gnoll hits you with a +0 whip.
* * * LOW HITPOINT WARNING * * *
The gnoll barely misses you.
Unknown command.
You closely miss the gnoll. You claw the gnoll.
You kill the gnoll!
Makhleb accepts your kill. The gnoll shaman completely misses you.
The gnoll barely misses you.
You barely miss the gnoll. The gnoll hits you with a +0 flail.
* * * LOW HITPOINT WARNING * * *
The gnoll shaman calls down the wrath of its god upon you.
You are outlined in light.
You scratch the gnoll.
The gnoll is moderately wounded.
The gnoll hits you with a +0 flail!
* * * LOW HITPOINT WARNING * * *
The gnoll shaman hits you but does no damage.
The gnoll hits you with a +0 flail!
* * * LOW HITPOINT WARNING * * *
You barely miss the gnoll.
The gnoll is moderately wounded.
The gnoll hits you with a +0 flail!
* * * LOW HITPOINT WARNING * * *
The gnoll shaman hits you with a +0 club.
You die...

.............#.......#
......)......#.......#
...........(.##.....# .
.............##...>.##..
........................
..##....##..............
# #....##..............
#.....##...##g)...##.
#.(...#######g@...#
##....##...##.....#
#######...##.....# ...
#.....#.....##### ....
#.....#.)...##..##....
##...#.......+........
#####......##.......
#)#######......
#..........#


You could see a gnoll shaman and a gnoll (fast).

Vanquished Creatures
  A black bear (D:4)
  An ogre (D:4)
  A phantom (D:3)
  A scorpion (D:5)
  A bullfrog (D:4)
  A centaur zombie (D:4)
  2 orc priests (D:2)
  A gnoll shaman (D:5)
  An iguana (D:4)
  A scorpion zombie (D:5)
  A hound zombie (D:5)
  8 gnolls (D:5)
  5 adders
  2 ufetubi
  2 adder skeletons (D:4)
  A worm (D:3)
  3 dart slugs
  7 orcs
  2 bats (D:2)
  10 endoplasms
  A giant cockroach (D:1)
  7 goblins
  3 hobgoblins
  3 jackals (D:1)
  2 quokkas
  5 ball pythons
  5 frilled lizards
  6 kobolds
  3 rats (D:1)
87 creatures vanquished.

Vanquished Creatures (collateral kills)
  A ball python (D:4)
1 creature vanquished.

Grand Total: 88 creatures vanquished

Notes
Turn   | Place    | Note
-------+----------+-------------------------------------------
     0 | D:1      | pkoi the Troll Gladiator began the quest for the Orb.
     0 | D:1      | Reached XP level 1. HP: 19/19 MP: 0/0
   122 | D:1      | Found a faded altar of an unknown god.
   281 | D:1      | Reached XP level 2. HP: 28/28 MP: 1/1
   647 | D:2      | Reached XP level 3. HP: 35/35 MP: 2/2
   720 | D:2      | Reached skill level 4 in Unarmed Combat
   788 | D:2      | Reached XP level 4. HP: 18/42 MP: 3/3
  1008 | D:3      | Found a snail-covered altar of Cheibriados.
  1218 | D:3      | Found a stormy altar of Qazlal.
  1228 | D:3      | Reached XP level 5. HP: 50/50 MP: 4/4
  1307 | D:3      | Noticed a phantom
  1316 | D:3      | Killed a phantom
  1317 | D:3      | Reached skill level 5 in Unarmed Combat
  1450 | D:4      | Noticed an ogre
  1469 | D:4      | Killed an ogre
  1470 | D:4      | Reached XP level 6. HP: 59/59 MP: 5/5
  1816 | D:4      | Reached skill level 6 in Unarmed Combat
  1816 | D:4      | Reached XP level 7. HP: 59/67 MP: 6/6
  1858 | D:4      | Found a staircase to the Ecumenical Temple.
  2209 | D:4      | Found a burning altar of Makhleb.
  2224 | D:4      | Became a worshipper of Makhleb the Destroyer
  2297 | D:5      | Entered Level 5 of the Dungeon
  2330 | D:5      | Found a sparkling altar of Nemelex Xobeh.
  2336 | D:5      | Reached skill level 1 in Invocations
  2473 | D:5      | Found an ornate altar of the Wu Jian Council.
  2597 | D:5      | Slain by a gnoll shaman

Illustrated notes

Levels and vault maps discovered:
D:1:      lightli_arrival_chessboard, layout_basic,
          ebering_ecumenical_altar_webs, minmay_misc_feat_doors
D:2:      layout_rooms
D:3:      layout_rooms, mainiacjoe_overflow_boulevard,
          mainiacjoe_overflow_catwalk
D:4:      layout_basic, lemuel_doored_altar, minmay_temple_entry_statues,
          grunt_ministairs_15
D:5:      layout_gridville, nzn_wu_jian_contemplation, lemuel_crystal_altar

Skill      XL: |  1  2  3  4  5  6  7 |
---------------+----------------------+-----
Fighting       | 2 3 |  3.6
Unarmed Combat | 4 5 6 |  6.6
Dodging        | 3 4 |  4.1
Invocations    | 1 |  1.6
Throwing       | |  1.7

Action                   |  1- 3 |  4- 6 |  7- 9 || total
-------------------------+-------+-------+-------++-------
Melee: Unarmed           |    55 |   113 |    80 ||   248
       Punch             |     4 |     2 |     3 ||     9
  Use: Potion            |       |     1 |       ||     1
       Scroll            |       |     4 |     3 ||     7
 Stab: Sleeping          |       |     1 |     1 ||     2
Armor: Robe              |    11 |    40 |    21 ||    72
Dodge: Dodged            |    23 |    39 |    37 ||    99
